[ PARTIDA AOE2 · #478379806 ]
UnrankedSarracenos vs Koreans
[ ANÁLISIS DE REPETICIÓN · EXTRAÍDO DE LA PARTIDA GRABADA ]
Feudal
14:06
Castillos
18:48
Imperial
32:53
| APM promedio | 29.3 |
| APM pico | 65 |
| eAPM promedio | 19.4 |
| Aldeanos / militares | 142 / 41 |
Foco
⚔️ 16.8% · 🌾 83.2%
Mameluke ×32 · Scout Cavalry ×5 · Mangonel ×2 · Monk ×1 · Bombard Cannon ×1
Feudal
11:04
Castillos
14:41
Imperial
32:07
| APM promedio | 37.9 |
| APM pico | 68 |
| eAPM promedio | 23.6 |
| Aldeanos / militares | 113 / 80 |
Foco
⚔️ 27.2% · 🌾 72.8%
Knight ×65 · Fishing Ship ×16 · Trade Cart ×10 · Flemish Militia ×5 · Mangonel ×4 · Trebuchet (Packed) ×4
Feudal
12:03
Castillos
16:18
Imperial
32:12
| APM promedio | 54.2 |
| APM pico | 123 |
| eAPM promedio | 31.7 |
| Aldeanos / militares | 162 / 51 |
Foco
⚔️ 19.5% · 🌾 80.5%
Spearman ×31 · Fishing Ship ×14 · Bombard Cannon ×9 · Iron Pagoda ×4 · Turtle Ship ×4 · War Wagon ×2
Feudal
11:46
Castillos
15:25
Imperial
29:00
| APM promedio | 31.2 |
| APM pico | 52 |
| eAPM promedio | 19.5 |
| Aldeanos / militares | 142 / 144 |
Foco
⚔️ 35.8% · 🌾 64.2%
Cavalry Archer ×69 · Scout Cavalry ×41 · Knight ×24 · Trade Cart ×13 · Battering Ram ×4 · Monk ×3
Feudal
11:48
Castillos
15:22
Imperial
26:43
| APM promedio | 41.9 |
| APM pico | 85 |
| eAPM promedio | 24.7 |
| Aldeanos / militares | 143 / 142 |
Foco
⚔️ 30.5% · 🌾 69.5%
Serjeant ×110 · Battering Ram ×21 · Fishing Ship ×13 · Mangonel ×6 · Trebuchet (Packed) ×4 · Monk ×1
Feudal
14:10
Castillos
20:24
Imperial
33:19
| APM promedio | 33.1 |
| APM pico | 67 |
| eAPM promedio | 24.4 |
| Aldeanos / militares | 138 / 53 |
Foco
⚔️ 34.1% · 🌾 65.9%
Archer ×42 · Bombard Cannon ×10 · Monk ×1
Feudal
12:19
Castillos
15:52
Imperial
28:38
| APM promedio | 32.7 |
| APM pico | 64 |
| eAPM promedio | 20.0 |
| Aldeanos / militares | 131 / 256 |
Foco
⚔️ 34.0% · 🌾 66.0%
Scout Cavalry ×174 · Camel Archer ×75 · Trebuchet (Packed) ×3 · Mangonel ×2 · Monk ×1 · Battering Ram ×1
Feudal
12:25
Castillos
16:45
Imperial
31:27
| APM promedio | 36.7 |
| APM pico | 67 |
| eAPM promedio | 19.8 |
| Aldeanos / militares | 99 / 114 |
Foco
⚔️ 19.5% · 🌾 80.5%
Spearman ×111 · Fishing Ship ×41 · Mangonel ×3
Mapa de la partida
Recursos iniciales + cada clic de construcción. Líneas = muros · curvas = relieve. ◆ oro · ⬟ piedra · ● bayas · ✦ reliquia · ◌ hueco del cierre
Tu base· Abierta — el rival se encerró
Base de sidewire· Abierta — el rival se encerró
Base de Neo· ✓ Cerrada en 16:18 · 4t muro · sin puerta
Base de MooN | Lunatico· ✓ Cerrada en 15:25 · 0t muro · sin puerta
Base de Rooster· Abierta — el rival se encerró
Base de JoHan· ✓ Cerrada en 20:24 · 130t muro · 2 puerta(s)
Base de Davo· Abierta — el rival se encerró
Base de InGodWeTrust· ✓ Cerrada en 16:45 · 24t muro · sin puerta
Terreno inicial suavizado · ◌ = hueco del cierre detectado · pasá el cursor para detalles
Inputs por minuto
— ghabil - - sidewire
Build order — ghabil
Primeras 150 de 332 acciones detectadas
| 0:01 | Crear | Villager (Male) |
| 0:01 | Crear | Villager (Male) |
| 0:02 | Crear | Villager (Male) |
| 0:03 | Construir | House |
| 0:05 | Construir | House |
| 0:08 | Construir | House |
| 0:09 | Crear | Villager (Male) |
| 0:38 | Investigar | Loom |
| 0:41 | Crear | Villager (Male) |
| 0:57 | Crear | Villager (Male) |
| 1:51 | Crear | Villager (Male) |
| 2:04 | Construir | Lumber Camp |
| 2:17 | Crear | Villager (Male) |
| 2:58 | Crear | Villager (Male) |
| 3:38 | Crear | Villager (Male) |
| 3:38 | Crear | Villager (Male) |
| 4:43 | Crear | Villager (Male) |
| 4:58 | Construir | House |
| 5:12 | Construir | Palisade Wall |
| 5:18 | Crear | Villager (Male) |
| 5:19 | Crear | Villager (Male) |
| 6:09 | Crear | Villager (Male) |
| 6:09 | Crear | Villager (Male) |
| 6:10 | Crear | Villager (Male) |
| 6:18 | Construir | Palisade Wall |
| 6:39 | Crear | Villager (Male) |
| 6:39 | Crear | Villager (Male) |
| 6:46 | Crear | Villager (Male) |
| 6:54 | Construir | Palisade Wall |
| 7:03 | Construir | House |
| 8:33 | Crear | Villager (Male) |
| 8:39 | Construir | Mill |
| 8:41 | Crear | Villager (Male) |
| 8:48 | Crear | Villager (Male) |
| 9:05 | Construir | Palisade Wall |
| 9:14 | Construir | House |
| 9:20 | Crear | Villager (Male) |
| 9:28 | Construir | House |
| 9:42 | Construir | Palisade Wall |
| 10:06 | Crear | Villager (Male) |
| 10:16 | Construir | Palisade Wall |
| 10:28 | Crear | Villager (Male) |
| 10:48 | Crear | Villager (Male) |
| 11:22 | Construir | Palisade Wall |
| 11:24 | Crear | Villager (Male) |
| 11:39 | Investigar | Feudal Age |
| 13:18 | Crear | Villager (Male) |
| 14:06 | Edad | Edad Feudal |
| 14:31 | Construir | Stone Wall |
| 14:37 | Construir | Palisade Wall |
| 14:46 | Crear | Villager (Male) |
| 14:46 | Crear | Villager (Male) |
| 14:50 | Construir | Blacksmith |
| 15:11 | Construir | Stone Wall |
| 15:20 | Construir | Market |
| 15:22 | Crear | Villager (Male) |
| 15:45 | Construir | Stone Wall |
| 15:50 | Construir | House |
| 16:08 | Investigar | Castle Age |
| 16:41 | Construir | Mining Camp |
| 16:58 | Investigar | Double-Bit Axe |
| 17:00 | Investigar | Horse Collar |
| 17:12 | Construir | Stone Wall |
| 17:34 | Construir | Farm |
| 17:34 | Construir | Farm |
| 17:35 | Construir | Farm |
| 17:35 | Construir | Farm |
| 18:39 | Crear | Villager (Male) |
| 18:48 | Edad | Edad de los Castillos |
| 18:50 | Crear | Villager (Male) |
| 18:56 | Construir | Town Center |
| 19:05 | Construir | Town Center |
| 19:26 | Construir | Farm |
| 19:39 | Crear | Villager (Male) |
| 19:40 | Crear | Villager (Male) |
| 19:48 | Construir | Farm |
| 20:06 | Crear | Villager (Male) |
| 20:06 | Crear | Villager (Male) |
| 20:23 | Crear | Villager (Male) |
| 20:43 | Investigar | Bow Saw |
| 20:48 | Construir | Farm |
| 20:49 | Construir | Farm |
| 20:55 | Construir | Farm |
| 21:01 | Construir | Farm |
| 21:05 | Construir | Farm |
| 21:09 | Crear | Villager (Male) |
| 21:14 | Construir | Farm |
| 21:16 | Crear | Villager (Male) |
| 21:18 | Construir | Farm |
| 21:23 | Construir | Farm |
| 21:37 | Construir | Farm |
| 21:38 | Crear | Villager (Male) |
| 21:48 | Construir | Farm |
| 21:49 | Construir | Farm |
| 21:50 | Crear | Villager (Male) |
| 21:59 | Crear | Villager (Male) |
| 22:03 | Construir | House |
| 22:04 | Construir | House |
| 22:05 | Construir | House |
| 22:09 | Construir | Farm |
| 22:15 | Construir | Farm |
| 22:16 | Crear | Villager (Male) |
| 22:17 | Crear | Villager (Male) |
| 22:18 | Crear | Villager (Male) |
| 22:26 | Construir | Farm |
| 22:28 | Construir | Farm |
| 22:29 | Crear | Villager (Male) |
| 22:38 | Crear | Villager (Male) |
| 22:54 | Crear | Villager (Male) |
| 22:57 | Construir | Farm |
| 23:01 | Construir | Farm |
| 23:04 | Investigar | Heavy Plow |
| 23:11 | Crear | Villager (Male) |
| 23:15 | Crear | Villager (Male) |
| 23:28 | Construir | Outpost |
| 23:30 | Crear | Villager (Male) |
| 23:33 | Construir | Farm |
| 23:35 | Crear | Villager (Male) |
| 23:42 | Construir | House |
| 23:44 | Construir | House |
| 23:46 | Crear | Villager (Male) |
| 23:50 | Crear | Villager (Male) |
| 24:04 | Construir | Monastery |
| 24:07 | Crear | Villager (Male) |
| 24:08 | Crear | Villager (Male) |
| 24:09 | Crear | Villager (Male) |
| 24:18 | Investigar | Wheelbarrow |
| 24:22 | Construir | Farm |
| 24:26 | Crear | Villager (Male) |
| 24:28 | Construir | Farm |
| 24:30 | Crear | Villager (Male) |
| 24:54 | Construir | House |
| 24:55 | Construir | House |
| 24:56 | Crear | Villager (Male) |
| 24:57 | Crear | Villager (Male) |
| 25:03 | Construir | Mill |
| 25:03 | Construir | Farm |
| 25:04 | Construir | Farm |
| 25:04 | Construir | Farm |
| 25:04 | Construir | Farm |
| 25:05 | Construir | Farm |
| 25:05 | Construir | Farm |
| 25:08 | Crear | Villager (Male) |
| 25:09 | Crear | Villager (Male) |
| 25:10 | Crear | Villager (Male) |
| 25:16 | Construir | House |
| 25:20 | Crear | Monk |
| 25:26 | Construir | Mining Camp |
| 25:27 | Crear | Villager (Male) |
| 25:31 | Crear | Villager (Male) |
Build order — sidewire
Primeras 150 de 332 acciones detectadas
| 0:01 | Crear | Villager (Male) ×4 |
| 0:01 | Crear | Villager (Male) ×4 |
| 0:02 | Construir | House |
| 0:04 | Construir | House |
| 1:39 | Crear | Villager (Male) |
| 1:53 | Crear | Villager (Male) |
| 2:14 | Construir | Lumber Camp |
| 2:21 | Crear | Villager (Male) |
| 2:44 | Crear | Villager (Male) |
| 3:05 | Investigar | Double-Bit Axe |
| 3:05 | Investigar | Double-Bit Axe |
| 3:19 | Crear | Villager (Male) |
| 3:44 | Crear | Villager (Male) |
| 3:57 | Crear | Villager (Male) |
| 4:00 | Construir | House |
| 4:34 | Crear | Villager (Male) |
| 4:38 | Crear | Villager (Male) |
| 4:40 | Construir | House |
| 4:43 | Construir | House |
| 5:16 | Crear | Villager (Male) |
| 5:17 | Crear | Villager (Male) |
| 5:17 | Crear | Villager (Male) |
| 5:30 | Construir | Dock |
| 6:20 | Crear | Villager (Male) |
| 6:20 | Crear | Villager (Male) |
| 6:28 | Crear | Fishing Ship |
| 6:28 | Crear | Fishing Ship |
| 6:31 | Construir | House |
| 7:04 | Crear | Villager (Male) |
| 7:08 | Construir | Mill |
| 7:11 | Construir | House |
| 7:31 | Crear | Villager (Male) |
| 7:31 | Crear | Fishing Ship |
| 7:42 | Construir | House |
| 7:51 | Crear | Villager (Male) |
| 8:03 | Crear | Fishing Ship |
| 8:19 | Construir | House |
| 8:21 | Crear | Villager (Male) |
| 8:49 | Construir | Mining Camp |
| 8:54 | Investigar | Feudal Age |
| 9:43 | Crear | Fishing Ship |
| 10:25 | Crear | Villager (Male) |
| 10:25 | Crear | Villager (Male) |
| 10:28 | Crear | Fishing Ship |
| 11:04 | Edad | Edad Feudal |
| 11:09 | Construir | Market |
| 11:19 | Construir | Blacksmith |
| 12:01 | Investigar | Castle Age |
| 12:12 | Construir | Lumber Camp |
| 12:33 | Investigar | Tech 906 |
| 12:56 | Investigar | Bow Saw |
| 12:56 | Investigar | Bow Saw |
| 14:01 | Construir | House |
| 14:41 | Edad | Edad de los Castillos |
| 14:44 | Construir | Siege Workshop |
| 14:46 | Crear | Villager (Male) |
| 14:55 | Crear | Fishing Ship |
| 14:57 | Investigar | Gillnets |
| 15:00 | Construir | Fish Trap |
| 15:04 | Construir | Fish Trap |
| 15:08 | Construir | Fish Trap |
| 15:11 | Construir | Fish Trap |
| 15:12 | Crear | Mangonel |
| 15:23 | Crear | Villager (Male) |
| 15:23 | Crear | Villager (Male) |
| 15:35 | Construir | Monastery |
| 15:41 | Crear | Villager (Male) |
| 15:59 | Crear | Mangonel |
| 16:11 | Crear | Monk |
| 16:13 | Construir | House |
| 16:35 | Crear | Villager (Male) |
| 16:40 | Construir | Barracks |
| 16:56 | Crear | Villager (Male) |
| 17:18 | Crear | Villager (Male) |
| 17:25 | Construir | Town Center |
| 17:36 | Crear | Unit 1105 |
| 17:36 | Crear | Unit 1105 |
| 17:47 | Crear | Flemish Militia |
| 17:47 | Crear | Flemish Militia |
| 17:50 | Construir | House |
| 17:51 | Crear | Villager (Male) |
| 18:16 | Crear | Flemish Militia |
| 19:06 | Crear | Villager (Male) |
| 19:06 | Crear | Villager (Male) |
| 19:47 | Crear | Villager (Male) |
| 19:52 | Crear | Flemish Militia |
| 19:52 | Crear | Flemish Militia |
| 20:07 | Crear | Villager (Male) |
| 20:26 | Crear | Villager (Male) |
| 20:39 | Construir | Outpost |
| 21:00 | Crear | Villager (Male) |
| 21:09 | Crear | Villager (Male) |
| 21:18 | Crear | Mangonel |
| 21:24 | Crear | Villager (Male) |
| 21:38 | Crear | Villager (Male) |
| 21:46 | Construir | Town Center |
| 21:49 | Investigar | Horse Collar |
| 21:51 | Construir | Farm |
| 21:52 | Construir | Farm |
| 21:52 | Construir | Farm |
| 21:53 | Construir | Farm |
| 22:04 | Crear | Mangonel |
| 22:06 | Crear | Villager (Male) |
| 22:06 | Crear | Villager (Male) |
| 22:06 | Crear | Villager (Male) |
| 22:13 | Construir | Farm |
| 22:13 | Construir | Farm |
| 22:13 | Construir | Farm |
| 22:13 | Construir | Farm |
| 22:21 | Crear | Villager (Male) ×4 |
| 22:29 | Construir | Dock |
| 22:32 | Construir | Dock |
| 23:01 | Construir | Stone Wall |
| 23:15 | Construir | Stone Wall |
| 23:15 | Construir | Stone Wall |
| 23:16 | Construir | Stone Wall |
| 23:16 | Construir | Stone Wall |
| 23:17 | Construir | Stone Wall |
| 23:18 | Construir | Stone Wall |
| 23:18 | Construir | Stone Wall |
| 23:19 | Crear | Villager (Male) |
| 23:20 | Crear | Villager (Male) |
| 23:21 | Crear | Monk |
| 23:33 | Construir | Stone Wall |
| 23:40 | Crear | Villager (Male) ×2 |
| 23:40 | Crear | Villager (Male) ×2 |
| 23:45 | Construir | Farm |
| 23:45 | Construir | Farm |
| 23:45 | Construir | Farm |
| 23:45 | Construir | Farm |
| 23:46 | Construir | Farm |
| 23:46 | Construir | Farm |
| 23:46 | Construir | Farm |
| 23:46 | Construir | Farm |
| 23:47 | Construir | Farm |
| 23:47 | Construir | Farm |
| 23:50 | Investigar | Heavy Plow |
| 23:53 | Crear | Fishing Ship |
| 24:17 | Construir | House |
| 24:18 | Construir | House |
| 24:18 | Construir | House |
| 24:18 | Construir | House |
| 24:19 | Construir | House |
| 24:19 | Construir | House |
| 24:19 | Construir | House |
| 24:24 | Crear | Villager (Male) |
| 24:24 | Crear | Villager (Male) |
| 24:36 | Construir | Outpost |
| 24:49 | Investigar | Wheelbarrow |
| 24:49 | Crear | Villager (Male) ×3 |
Build order — Neo
Primeras 150 de 441 acciones detectadas
| 0:01 | Crear | Villager (Male) |
| 0:01 | Crear | Villager (Male) |
| 0:01 | Crear | Villager (Male) |
| 0:01 | Crear | Villager (Male) |
| 0:02 | Construir | House |
| 0:03 | Construir | House |
| 1:32 | Crear | Villager (Male) |
| 2:01 | Crear | Villager (Male) |
| 2:19 | Construir | Lumber Camp |
| 2:24 | Crear | Villager (Male) |
| 2:25 | Crear | Villager (Male) |
| 2:53 | Crear | Villager (Male) |
| 3:01 | Construir | House |
| 3:09 | Crear | Villager (Male) |
| 3:38 | Crear | Villager (Male) |
| 3:38 | Crear | Villager (Male) |
| 4:16 | Crear | Villager (Male) |
| 4:16 | Crear | Villager (Male) |
| 4:32 | Crear | Villager (Male) |
| 4:54 | Crear | Villager (Male) |
| 5:16 | Construir | House |
| 5:21 | Crear | Villager (Male) |
| 5:57 | Crear | Villager (Male) |
| 5:58 | Crear | Villager (Male) |
| 6:14 | Construir | Palisade Wall |
| 6:19 | Construir | Palisade Wall |
| 6:27 | Construir | Palisade Wall |
| 6:31 | Construir | Palisade Wall |
| 6:45 | Crear | Villager (Male) |
| 6:55 | Construir | Mill |
| 7:09 | Crear | Villager (Male) |
| 7:35 | Crear | Villager (Male) |
| 7:41 | Construir | House |
| 8:13 | Crear | Villager (Male) |
| 8:13 | Crear | Villager (Male) |
| 8:24 | Construir | Dock |
| 8:29 | Crear | Villager (Male) |
| 8:40 | Construir | House |
| 8:48 | Construir | Mining Camp |
| 9:01 | Crear | Villager (Male) |
| 9:23 | Crear | Fishing Ship |
| 9:32 | Construir | House |
| 9:34 | Crear | Fishing Ship |
| 9:53 | Investigar | Feudal Age |
| 10:10 | Construir | Lumber Camp |
| 10:53 | Crear | Fishing Ship |
| 10:54 | Crear | Fishing Ship |
| 11:50 | Crear | Fishing Ship |
| 11:55 | Crear | Villager (Male) |
| 11:55 | Crear | Villager (Male) |
| 12:03 | Edad | Edad Feudal |
| 12:07 | Construir | Blacksmith |
| 12:18 | Construir | Market |
| 12:51 | Crear | Villager (Male) |
| 13:38 | Investigar | Castle Age |
| 13:38 | Investigar | Castle Age |
| 13:46 | Construir | Dock |
| 14:22 | Crear | Fishing Ship |
| 14:25 | Investigar | Double-Bit Axe |
| 14:31 | Crear | Fishing Ship |
| 14:34 | Crear | Fishing Ship |
| 14:39 | Construir | House |
| 14:40 | Construir | House |
| 16:00 | Crear | Villager (Male) |
| 16:18 | Edad | Edad de los Castillos |
| 16:21 | Construir | Siege Workshop |
| 16:23 | Crear | Villager (Male) |
| 16:37 | Construir | Town Center |
| 16:39 | Crear | Villager (Male) |
| 16:42 | Construir | Town Center |
| 17:04 | Crear | Villager (Male) |
| 17:06 | Investigar | Loom |
| 17:07 | Investigar | Wheelbarrow |
| 17:13 | Crear | Iron Pagoda |
| 17:16 | Construir | House |
| 18:25 | Construir | House |
| 18:37 | Construir | Mining Camp |
| 18:39 | Crear | Villager (Male) |
| 18:39 | Crear | Villager (Male) |
| 18:40 | Crear | Villager (Male) |
| 18:41 | Crear | Iron Pagoda |
| 18:54 | Construir | House |
| 19:01 | Crear | Villager (Male) |
| 19:09 | Crear | Villager (Male) |
| 19:09 | Crear | Villager (Male) |
| 19:13 | Crear | Battering Ram |
| 19:17 | Crear | Iron Pagoda |
| 19:50 | Crear | Iron Pagoda |
| 20:05 | Crear | Villager (Male) |
| 20:05 | Crear | Villager (Male) |
| 20:38 | Crear | Villager (Male) |
| 20:38 | Crear | Villager (Male) |
| 20:38 | Crear | Villager (Male) |
| 21:10 | Construir | Fish Trap |
| 21:11 | Construir | Fish Trap |
| 21:12 | Construir | Fish Trap |
| 21:14 | Construir | Fish Trap |
| 21:16 | Construir | Fish Trap |
| 21:18 | Construir | Fish Trap |
| 21:21 | Construir | Fish Trap |
| 21:31 | Crear | Fishing Ship |
| 21:31 | Crear | Fishing Ship |
| 21:32 | Crear | Fishing Ship |
| 21:33 | Crear | Fishing Ship |
| 22:06 | Crear | Fishing Ship |
| 22:06 | Crear | Fishing Ship |
| 22:13 | Crear | Villager (Male) |
| 22:13 | Crear | Villager (Male) |
| 22:13 | Crear | Villager (Male) |
| 22:16 | Crear | Villager (Male) |
| 22:17 | Crear | Villager (Male) |
| 22:17 | Crear | Villager (Male) |
| 22:24 | Construir | Fish Trap |
| 22:30 | Construir | Fish Trap |
| 22:35 | Construir | Castle |
| 22:42 | Crear | Villager (Male) |
| 22:42 | Crear | Villager (Male) |
| 22:45 | Crear | Villager (Male) |
| 22:45 | Crear | Villager (Male) |
| 22:46 | Crear | Villager (Male) |
| 22:48 | Crear | Villager (Male) |
| 22:59 | Construir | Fish Trap |
| 23:07 | Construir | Fish Trap |
| 23:18 | Construir | Lumber Camp |
| 23:25 | Investigar | Bow Saw |
| 23:26 | Investigar | Bow Saw |
| 23:35 | Crear | Villager (Male) |
| 23:42 | Crear | Villager (Male) |
| 23:42 | Crear | Villager (Male) |
| 24:07 | Investigar | Horse Collar |
| 24:07 | Investigar | Horse Collar |
| 24:11 | Construir | Farm |
| 24:12 | Construir | Farm |
| 24:12 | Construir | Farm |
| 24:12 | Construir | Farm |
| 24:13 | Construir | Farm |
| 24:13 | Construir | Farm |
| 24:13 | Construir | Farm |
| 24:13 | Construir | Farm |
| 24:14 | Construir | Farm |
| 24:14 | Construir | Farm |
| 24:14 | Construir | Farm |
| 24:15 | Construir | Farm |
| 24:15 | Construir | Farm |
| 24:15 | Construir | Farm |
| 24:15 | Construir | Farm |
| 24:16 | Construir | Farm |
| 24:19 | Crear | Villager (Male) |
| 24:19 | Crear | Villager (Male) |
| 24:30 | Construir | Mining Camp |
Build order — MooN | Lunatico
Primeras 150 de 357 acciones detectadas
| 0:01 | Crear | Villager (Male) |
| 0:01 | Crear | Villager (Male) |
| 0:14 | Crear | Villager (Male) |
| 0:14 | Crear | Villager (Male) |
| 1:40 | Crear | Villager (Male) |
| 1:49 | Construir | Lumber Camp |
| 1:50 | Crear | Villager (Male) |
| 2:22 | Crear | Villager (Male) |
| 2:28 | Crear | Villager (Male) |
| 3:02 | Crear | Villager (Male) |
| 3:21 | Crear | Villager (Male) |
| 3:54 | Crear | Villager (Male) |
| 4:19 | Investigar | Loom |
| 4:30 | Crear | Villager (Male) |
| 4:53 | Crear | Villager (Male) |
| 4:53 | Crear | Villager (Male) |
| 4:55 | Crear | Villager (Male) |
| 4:55 | Crear | Villager (Male) |
| 5:11 | Crear | Villager (Male) |
| 5:31 | Construir | Mill |
| 5:32 | Crear | Villager (Male) |
| 5:54 | Crear | Villager (Male) |
| 6:47 | Construir | Lumber Camp |
| 7:08 | Crear | Villager (Male) |
| 7:28 | Crear | Villager (Male) |
| 8:05 | Crear | Villager (Male) |
| 8:54 | Construir | Mining Camp |
| 8:58 | Investigar | Feudal Age |
| 11:15 | Crear | Villager (Male) |
| 11:15 | Crear | Villager (Male) |
| 11:46 | Edad | Edad Feudal |
| 11:49 | Crear | Villager (Male) |
| 11:56 | Construir | Market |
| 11:58 | Construir | Blacksmith |
| 12:27 | Investigar | Double-Bit Axe |
| 12:45 | Investigar | Castle Age |
| 13:08 | Investigar | Horse Collar |
| 15:03 | Crear | Villager (Male) |
| 15:03 | Crear | Villager (Male) |
| 15:25 | Edad | Edad de los Castillos |
| 15:33 | Construir | Town Center |
| 15:41 | Construir | Town Center |
| 15:51 | Construir | Town Center |
| 16:00 | Crear | Villager (Male) |
| 16:23 | Crear | Villager (Male) |
| 16:25 | Crear | Villager (Male) |
| 16:39 | Crear | Villager (Male) |
| 16:39 | Crear | Villager (Male) |
| 16:46 | Construir | Farm |
| 16:48 | Construir | Farm |
| 16:50 | Construir | Farm |
| 17:01 | Construir | Monastery |
| 17:05 | Crear | Villager (Male) |
| 17:11 | Construir | Farm |
| 17:15 | Construir | Farm |
| 17:16 | Crear | Villager (Male) |
| 17:19 | Construir | Farm |
| 17:21 | Construir | Farm |
| 17:24 | Construir | Farm |
| 17:25 | Crear | Villager (Male) |
| 17:28 | Crear | Villager (Male) |
| 17:33 | Crear | Villager (Male) |
| 17:38 | Construir | Farm |
| 17:38 | Crear | Villager (Male) |
| 17:40 | Construir | Farm |
| 17:47 | Crear | Villager (Male) |
| 17:50 | Crear | Monk |
| 17:53 | Crear | Villager (Male) |
| 17:57 | Construir | Farm |
| 17:59 | Construir | Farm |
| 18:02 | Construir | Farm |
| 18:03 | Crear | Villager (Male) |
| 18:04 | Crear | Villager (Male) |
| 18:14 | Crear | Villager (Male) |
| 18:18 | Construir | Farm |
| 18:20 | Crear | Villager (Male) |
| 18:27 | Construir | Farm |
| 18:33 | Crear | Villager (Male) |
| 18:33 | Crear | Villager (Male) |
| 18:33 | Crear | Villager (Male) |
| 18:34 | Crear | Villager (Male) |
| 18:38 | Construir | Farm |
| 18:43 | Construir | Farm |
| 18:52 | Crear | Villager (Male) |
| 18:52 | Crear | Villager (Male) |
| 18:52 | Crear | Villager (Male) |
| 18:56 | Construir | Farm |
| 19:16 | Crear | Villager (Male) |
| 19:16 | Crear | Villager (Male) |
| 19:22 | Construir | Farm |
| 19:22 | Construir | Farm |
| 19:25 | Crear | Villager (Male) |
| 19:28 | Construir | Farm |
| 19:29 | Crear | Villager (Male) |
| 19:31 | Construir | Farm |
| 19:33 | Construir | Farm |
| 19:34 | Crear | Villager (Male) |
| 19:38 | Crear | Monk |
| 19:47 | Crear | Villager (Male) |
| 20:02 | Crear | Villager (Male) |
| 20:03 | Crear | Villager (Male) |
| 20:19 | Crear | Villager (Male) |
| 20:19 | Crear | Villager (Male) |
| 20:20 | Crear | Villager (Male) |
| 20:31 | Construir | Mill |
| 20:32 | Construir | Farm |
| 20:32 | Construir | Farm |
| 20:32 | Construir | Farm |
| 20:33 | Construir | Farm |
| 20:33 | Construir | Farm |
| 20:34 | Crear | Villager (Male) |
| 20:42 | Crear | Monk |
| 20:44 | Crear | Villager (Male) |
| 20:49 | Construir | Farm |
| 20:50 | Construir | Farm |
| 20:50 | Crear | Villager (Male) |
| 20:52 | Construir | Farm |
| 20:52 | Crear | Villager (Male) |
| 20:59 | Construir | Farm |
| 21:02 | Construir | Farm |
| 21:03 | Crear | Villager (Male) |
| 21:05 | Crear | Villager (Male) |
| 21:06 | Crear | Villager (Male) |
| 21:09 | Construir | Farm |
| 21:11 | Construir | Farm |
| 21:14 | Construir | Farm |
| 21:15 | Crear | Villager (Male) |
| 21:19 | Crear | Villager (Male) |
| 21:19 | Crear | Villager (Male) |
| 21:23 | Construir | Farm |
| 21:24 | Crear | Villager (Male) |
| 21:38 | Construir | Farm |
| 21:38 | Crear | Villager (Male) |
| 21:40 | Construir | Farm |
| 21:41 | Crear | Villager (Male) |
| 21:52 | Investigar | Wheelbarrow |
| 21:54 | Crear | Villager (Male) |
| 21:54 | Crear | Villager (Male) |
| 21:54 | Crear | Villager (Male) ×2 |
| 22:06 | Crear | Villager (Male) |
| 22:15 | Construir | Farm |
| 22:16 | Construir | Farm |
| 22:17 | Crear | Villager (Male) |
| 22:20 | Construir | Farm |
| 22:22 | Crear | Villager (Male) |
| 22:27 | Construir | Farm |
| 22:31 | Construir | Farm |
| 22:33 | Construir | Lumber Camp |
| 22:36 | Investigar | Bow Saw |
| 22:36 | Crear | Villager (Male) |
Build order — Rooster
Primeras 150 de 403 acciones detectadas
| 0:01 | Crear | Villager (Male) ×4 |
| 0:02 | Construir | House |
| 0:03 | Construir | House |
| 1:31 | Crear | Villager (Male) |
| 1:31 | Crear | Villager (Male) |
| 1:47 | Construir | Lumber Camp |
| 1:53 | Crear | Villager (Male) |
| 1:53 | Crear | Villager (Male) |
| 2:14 | Crear | Villager (Male) |
| 2:53 | Crear | Villager (Male) |
| 2:53 | Crear | Villager (Male) |
| 3:18 | Crear | Villager (Male) |
| 3:18 | Crear | Villager (Male) |
| 3:38 | Crear | Villager (Male) |
| 3:38 | Crear | Villager (Male) |
| 3:47 | Construir | House |
| 3:55 | Construir | Palisade Wall |
| 4:02 | Construir | Palisade Wall |
| 4:10 | Crear | Villager (Male) |
| 4:10 | Crear | Villager (Male) |
| 4:10 | Crear | Villager (Male) |
| 4:16 | Construir | House |
| 4:49 | Crear | Villager (Male) |
| 4:49 | Crear | Villager (Male) |
| 5:06 | Construir | Dock |
| 5:17 | Crear | Villager (Male) |
| 5:18 | Crear | Villager (Male) |
| 5:43 | Crear | Villager (Male) |
| 5:43 | Crear | Villager (Male) |
| 5:44 | Crear | Villager (Male) |
| 5:52 | Construir | House |
| 6:54 | Crear | Fishing Ship |
| 6:54 | Crear | Fishing Ship |
| 6:55 | Crear | Villager (Male) |
| 6:59 | Construir | House |
| 7:27 | Crear | Villager (Male) |
| 7:28 | Crear | Villager (Male) |
| 8:00 | Construir | Mill |
| 8:05 | Crear | Villager (Male) |
| 8:05 | Crear | Villager (Male) |
| 8:31 | Crear | Fishing Ship |
| 8:31 | Crear | Fishing Ship |
| 9:13 | Crear | Fishing Ship |
| 9:13 | Crear | Villager (Male) |
| 9:38 | Investigar | Feudal Age |
| 9:54 | Construir | Mining Camp |
| 10:13 | Construir | Palisade Wall |
| 10:22 | Construir | Palisade Gate |
| 11:43 | Crear | Villager (Male) |
| 11:43 | Crear | Villager (Male) |
| 11:48 | Edad | Edad Feudal |
| 11:51 | Construir | Market |
| 11:54 | Construir | Blacksmith |
| 12:06 | Investigar | Double-Bit Axe |
| 12:43 | Investigar | Castle Age |
| 12:43 | Investigar | Castle Age |
| 13:04 | Construir | Lumber Camp |
| 13:32 | Construir | Fish Trap |
| 14:51 | Crear | Villager (Male) |
| 14:51 | Crear | Villager (Male) |
| 14:51 | Crear | Villager (Male) |
| 14:51 | Crear | Villager (Male) |
| 15:22 | Edad | Edad de los Castillos |
| 15:26 | Construir | Town Center |
| 15:29 | Construir | Town Center |
| 15:39 | Investigar | Bow Saw |
| 15:44 | Investigar | Horse Collar |
| 16:16 | Crear | Villager (Male) |
| 16:17 | Crear | Villager (Male) |
| 16:26 | Construir | Town Center |
| 16:27 | Crear | Villager (Male) |
| 16:27 | Crear | Villager (Male) |
| 16:38 | Construir | Fish Trap |
| 16:41 | Crear | Villager (Male) |
| 16:41 | Crear | Villager (Male) |
| 16:53 | Construir | Fish Trap |
| 16:55 | Construir | Fish Trap |
| 16:57 | Crear | Villager (Male) |
| 16:57 | Crear | Villager (Male) |
| 16:58 | Crear | Villager (Male) |
| 17:17 | Crear | Villager (Male) |
| 17:20 | Crear | Villager (Male) |
| 17:20 | Crear | Villager (Male) |
| 17:25 | Investigar | Heavy Plow |
| 17:28 | Construir | Farm |
| 17:28 | Construir | Farm |
| 17:29 | Construir | Farm |
| 17:30 | Construir | Farm |
| 17:37 | Crear | Villager (Male) |
| 17:42 | Construir | Farm |
| 17:45 | Crear | Fishing Ship |
| 17:48 | Construir | Farm |
| 18:06 | Crear | Villager (Male) |
| 18:06 | Crear | Villager (Male) |
| 18:11 | Construir | House |
| 18:23 | Construir | Farm |
| 18:24 | Construir | Farm |
| 18:25 | Construir | Farm |
| 18:26 | Construir | Farm |
| 18:27 | Construir | Farm |
| 18:28 | Construir | Farm |
| 18:34 | Crear | Villager (Male) |
| 18:34 | Crear | Villager (Male) |
| 18:38 | Construir | Fish Trap |
| 18:38 | Crear | Fishing Ship |
| 18:42 | Construir | House |
| 18:43 | Construir | House |
| 18:44 | Construir | House |
| 18:44 | Construir | House |
| 18:45 | Construir | House |
| 18:45 | Construir | House |
| 18:48 | Investigar | Wheelbarrow |
| 18:58 | Construir | Farm |
| 18:59 | Construir | Farm |
| 19:08 | Crear | Villager (Male) |
| 19:08 | Crear | Villager (Male) |
| 19:08 | Crear | Villager (Male) |
| 19:10 | Construir | Farm |
| 19:12 | Construir | Farm |
| 19:18 | Crear | Villager (Male) |
| 19:18 | Crear | Villager (Male) |
| 19:26 | Construir | Monastery |
| 19:29 | Crear | Villager (Male) |
| 19:34 | Construir | Fish Trap |
| 19:40 | Crear | Fishing Ship |
| 19:52 | Crear | Villager (Male) |
| 19:53 | Crear | Villager (Male) |
| 19:54 | Construir | Farm |
| 19:54 | Construir | Farm |
| 20:07 | Construir | Farm |
| 20:07 | Construir | Farm |
| 20:12 | Crear | Monk |
| 20:24 | Construir | Fish Trap |
| 20:31 | Crear | Villager (Male) |
| 20:31 | Crear | Villager (Male) |
| 20:34 | Construir | Farm |
| 20:34 | Construir | Farm |
| 20:40 | Investigar | Gold Mining |
| 20:42 | Crear | Villager (Male) |
| 20:43 | Crear | Villager (Male) |
| 20:43 | Crear | Villager (Male) |
| 20:53 | Construir | Farm |
| 20:55 | Construir | Farm |
| 20:59 | Construir | House |
| 20:59 | Construir | House |
| 21:00 | Construir | House |
| 21:05 | Crear | Villager (Male) |
| 21:06 | Crear | Villager (Male) |
| 21:09 | Crear | Villager (Male) |
| 21:10 | Construir | Farm |
Build order — JoHan
Primeras 150 de 412 acciones detectadas
| 0:00 | Crear | Villager (Male) |
| 0:01 | Crear | Villager (Male) |
| 0:01 | Crear | Villager (Male) |
| 0:02 | Construir | House |
| 0:03 | Construir | House |
| 0:17 | Investigar | Loom |
| 0:26 | Construir | Palisade Wall |
| 0:28 | Crear | Villager (Male) |
| 0:30 | Crear | Villager (Male) |
| 0:30 | Crear | Villager (Male) |
| 1:08 | Construir | Palisade Wall |
| 1:19 | Construir | Palisade Wall |
| 1:27 | Construir | Palisade Wall |
| 1:29 | Construir | Palisade Wall |
| 1:31 | Construir | Palisade Wall |
| 1:33 | Construir | Palisade Wall |
| 1:35 | Construir | Palisade Wall |
| 1:47 | Crear | Villager (Male) |
| 2:05 | Construir | Lumber Camp |
| 2:08 | Construir | Palisade Wall |
| 2:09 | Construir | Palisade Wall |
| 2:11 | Construir | Palisade Wall |
| 2:25 | Crear | Villager (Male) |
| 2:59 | Crear | Villager (Male) |
| 3:18 | Construir | Palisade Wall |
| 3:28 | Crear | Villager (Male) |
| 3:56 | Crear | Villager (Male) |
| 4:04 | Construir | Palisade Wall |
| 4:19 | Construir | House |
| 4:26 | Crear | Villager (Male) |
| 4:43 | Crear | Villager (Male) |
| 5:04 | Construir | Palisade Wall |
| 5:08 | Crear | Villager (Male) |
| 5:16 | Crear | Villager (Male) |
| 5:40 | Crear | Villager (Male) |
| 6:16 | Crear | Villager (Male) |
| 6:28 | Construir | House |
| 6:42 | Construir | Palisade Wall |
| 6:50 | Crear | Villager (Male) |
| 7:15 | Crear | Villager (Male) |
| 7:19 | Crear | Villager (Male) |
| 7:19 | Crear | Villager (Male) |
| 7:36 | Construir | Palisade Wall |
| 7:50 | Construir | Palisade Gate |
| 8:27 | Construir | Mill |
| 8:40 | Crear | Villager (Male) |
| 8:40 | Crear | Villager (Male) |
| 8:40 | Crear | Villager (Male) |
| 8:41 | Crear | Villager (Male) |
| 8:51 | Construir | Palisade Gate |
| 9:08 | Construir | Lumber Camp |
| 9:15 | Crear | Villager (Male) |
| 9:39 | Crear | Villager (Male) |
| 9:50 | Construir | House |
| 9:56 | Construir | Palisade Wall |
| 10:00 | Crear | Villager (Male) |
| 10:01 | Crear | Villager (Male) |
| 10:01 | Crear | Villager (Male) |
| 10:13 | Construir | Palisade Wall |
| 10:18 | Construir | Palisade Wall |
| 11:10 | Construir | Lumber Camp |
| 11:15 | Construir | Mining Camp |
| 11:58 | Investigar | Feudal Age |
| 12:09 | Construir | Palisade Wall |
| 12:45 | Construir | Mining Camp |
| 13:34 | Construir | Outpost |
| 13:38 | Construir | Outpost |
| 13:41 | Construir | Outpost |
| 13:44 | Crear | Villager (Male) |
| 13:44 | Crear | Villager (Male) |
| 14:01 | Construir | Outpost |
| 14:10 | Edad | Edad Feudal |
| 14:17 | Construir | Stone Wall |
| 14:18 | Construir | Stone Wall |
| 14:19 | Construir | Stone Wall |
| 14:21 | Construir | Stone Wall |
| 14:27 | Construir | Stone Wall |
| 14:28 | Construir | Stone Wall |
| 14:29 | Construir | Stone Wall |
| 14:30 | Construir | Stone Wall |
| 14:33 | Construir | Stone Wall |
| 14:37 | Construir | Market |
| 14:39 | Construir | Blacksmith |
| 14:45 | Construir | Lumber Camp |
| 14:48 | Investigar | Town Watch |
| 15:28 | Construir | Stone Wall |
| 15:39 | Crear | Villager (Male) |
| 15:40 | Crear | Villager (Male) |
| 15:45 | Construir | Stone Wall |
| 15:46 | Construir | Stone Wall |
| 15:47 | Construir | Stone Wall |
| 15:50 | Construir | Stone Wall |
| 15:57 | Crear | Villager (Male) |
| 15:58 | Crear | Villager (Male) |
| 15:58 | Crear | Villager (Male) |
| 16:04 | Construir | Stone Wall |
| 16:11 | Construir | Gate |
| 16:14 | Construir | Stone Wall |
| 16:15 | Crear | Villager (Male) |
| 16:18 | Construir | Stone Wall |
| 17:10 | Construir | Stone Wall |
| 17:12 | Construir | Stone Wall |
| 17:16 | Crear | Villager (Male) |
| 17:21 | Investigar | Castle Age |
| 17:38 | Construir | Watch Tower |
| 17:39 | Investigar | Fletching |
| 17:48 | Crear | Villager (Male) |
| 17:56 | Investigar | Double-Bit Axe |
| 17:56 | Investigar | Double-Bit Axe |
| 17:58 | Construir | House |
| 18:04 | Construir | Stone Wall |
| 18:12 | Construir | Stone Wall |
| 18:29 | Construir | Stone Wall |
| 18:32 | Construir | Stone Wall |
| 18:35 | Construir | Stone Wall |
| 18:50 | Construir | Watch Tower |
| 18:54 | Crear | Villager (Male) |
| 18:58 | Construir | Stone Wall |
| 18:58 | Crear | Villager (Male) |
| 19:11 | Crear | Villager (Male) |
| 19:38 | Construir | Stone Wall |
| 20:02 | Construir | Stone Wall |
| 20:09 | Construir | Watch Tower |
| 20:24 | Edad | Edad de los Castillos |
| 20:24 | Construir | University |
| 20:29 | Construir | Stone Wall |
| 20:31 | Construir | Stone Wall |
| 20:32 | Construir | Stone Wall |
| 20:39 | Construir | Farm |
| 20:40 | Construir | Farm |
| 20:41 | Construir | Farm |
| 20:43 | Construir | Farm |
| 20:45 | Construir | Farm |
| 20:45 | Construir | House |
| 20:49 | Investigar | Bow Saw |
| 20:53 | Investigar | Horse Collar |
| 20:56 | Crear | Villager (Male) |
| 21:11 | Investigar | Guard Tower (upgrade) |
| 21:11 | Investigar | Guard Tower (upgrade) |
| 21:12 | Crear | Villager (Male) |
| 21:17 | Crear | Villager (Male) |
| 21:20 | Construir | Stone Wall |
| 21:25 | Construir | Stone Wall |
| 21:29 | Construir | Watch Tower |
| 21:31 | Crear | Villager (Male) |
| 21:34 | Construir | Stone Wall |
| 21:36 | Construir | Stone Wall |
| 21:52 | Investigar | Bodkin Arrow |
| 21:58 | Crear | Villager (Male) |
| 22:06 | Crear | Villager (Male) |
Build order — Davo
Primeras 150 de 412 acciones detectadas
| 0:01 | Crear | Villager (Male) ×4 |
| 0:02 | Construir | House |
| 0:03 | Construir | House |
| 0:36 | Investigar | Loom |
| 0:38 | Crear | Villager (Male) |
| 0:38 | Crear | Villager (Male) |
| 0:38 | Crear | Villager (Male) |
| 1:02 | Construir | Palisade Wall |
| 1:19 | Construir | Palisade Wall |
| 1:27 | Construir | Palisade Wall |
| 1:34 | Crear | Villager (Male) |
| 1:34 | Crear | Villager (Male) |
| 2:20 | Crear | Villager (Male) |
| 2:20 | Crear | Villager (Male) |
| 2:40 | Construir | Lumber Camp |
| 2:51 | Crear | Villager (Male) |
| 2:51 | Crear | Villager (Male) |
| 3:15 | Crear | Villager (Male) |
| 3:15 | Crear | Villager (Male) |
| 3:46 | Crear | Villager (Male) |
| 3:47 | Crear | Villager (Male) |
| 3:53 | Construir | House |
| 4:00 | Crear | Villager (Male) |
| 4:00 | Crear | Villager (Male) |
| 4:11 | Crear | Villager (Male) |
| 4:54 | Construir | Lumber Camp |
| 5:01 | Crear | Villager (Male) |
| 5:02 | Crear | Villager (Male) |
| 5:23 | Crear | Villager (Male) |
| 5:23 | Crear | Villager (Male) |
| 5:39 | Construir | House |
| 5:53 | Crear | Villager (Male) |
| 5:53 | Crear | Villager (Male) |
| 6:08 | Crear | Villager (Male) |
| 6:08 | Crear | Villager (Male) |
| 6:46 | Construir | Mill |
| 7:14 | Crear | Villager (Male) |
| 7:14 | Crear | Villager (Male) |
| 7:24 | Construir | House |
| 7:31 | Crear | Villager (Male) |
| 7:41 | Construir | Palisade Wall |
| 7:57 | Crear | Villager (Male) |
| 8:01 | Construir | Mining Camp |
| 8:15 | Crear | Villager (Male) |
| 8:35 | Construir | Palisade Wall |
| 8:40 | Crear | Villager (Male) |
| 8:53 | Construir | Palisade Wall |
| 8:55 | Construir | Palisade Wall |
| 8:57 | Construir | Palisade Wall |
| 8:58 | Construir | Palisade Wall |
| 9:04 | Crear | Villager (Male) |
| 9:16 | Construir | Palisade Wall |
| 9:23 | Crear | Villager (Male) |
| 9:56 | Investigar | Feudal Age |
| 9:57 | Investigar | Feudal Age |
| 10:57 | Construir | House |
| 11:16 | Construir | Outpost |
| 11:25 | Crear | Villager (Male) |
| 11:26 | Crear | Villager (Male) |
| 12:19 | Edad | Edad Feudal |
| 12:21 | Construir | Market |
| 12:22 | Construir | Blacksmith |
| 12:39 | Construir | Stone Wall |
| 12:45 | Construir | Stone Wall |
| 12:47 | Construir | Gate |
| 13:12 | Investigar | Castle Age |
| 13:12 | Investigar | Castle Age |
| 13:12 | Investigar | Castle Age |
| 13:30 | Investigar | Double-Bit Axe |
| 13:31 | Investigar | Horse Collar |
| 13:47 | Construir | Stone Wall |
| 15:18 | Crear | Villager (Male) |
| 15:19 | Crear | Villager (Male) |
| 15:52 | Edad | Edad de los Castillos |
| 15:53 | Construir | Town Center |
| 16:00 | Construir | Town Center |
| 16:04 | Investigar | Bow Saw |
| 16:16 | Investigar | Town Watch |
| 16:35 | Crear | Villager (Male) |
| 16:55 | Crear | Villager (Male) |
| 17:06 | Crear | Villager (Male) |
| 17:06 | Crear | Villager (Male) |
| 17:07 | Crear | Villager (Male) |
| 17:07 | Crear | Villager (Male) |
| 17:12 | Construir | Farm |
| 17:13 | Construir | Farm |
| 17:15 | Construir | Farm |
| 17:46 | Construir | Farm |
| 17:46 | Construir | Farm |
| 17:47 | Construir | Farm |
| 17:52 | Crear | Villager (Male) |
| 17:52 | Crear | Villager (Male) |
| 17:52 | Crear | Villager (Male) |
| 17:53 | Crear | Villager (Male) |
| 17:53 | Crear | Villager (Male) |
| 17:53 | Crear | Villager (Male) |
| 17:58 | Construir | House |
| 17:58 | Construir | House |
| 18:25 | Crear | Villager (Male) |
| 18:26 | Crear | Villager (Male) |
| 18:26 | Crear | Villager (Male) |
| 18:30 | Construir | Farm |
| 18:31 | Construir | Farm |
| 18:35 | Construir | Farm |
| 18:38 | Construir | Farm |
| 19:01 | Construir | Farm |
| 19:04 | Construir | Farm |
| 19:05 | Crear | Villager (Male) |
| 19:05 | Crear | Villager (Male) |
| 19:05 | Crear | Villager (Male) |
| 19:06 | Crear | Villager (Male) |
| 19:06 | Crear | Villager (Male) |
| 19:06 | Crear | Villager (Male) |
| 19:26 | Construir | Farm |
| 19:40 | Construir | Monastery |
| 19:42 | Construir | House |
| 19:45 | Construir | House |
| 19:49 | Construir | House |
| 19:51 | Crear | Villager (Male) |
| 19:52 | Crear | Villager (Male) |
| 19:52 | Crear | Villager (Male) |
| 19:54 | Construir | Farm |
| 19:55 | Construir | Farm |
| 20:00 | Construir | Farm |
| 20:01 | Crear | Villager (Male) |
| 20:01 | Crear | Villager (Male) |
| 20:01 | Crear | Villager (Male) |
| 20:13 | Construir | Monastery |
| 20:17 | Crear | Villager (Male) |
| 20:18 | Crear | Villager (Male) |
| 20:18 | Crear | Villager (Male) |
| 20:30 | Construir | Farm |
| 20:31 | Construir | Farm |
| 20:32 | Construir | Farm |
| 20:34 | Construir | Farm |
| 20:55 | Crear | Villager (Male) |
| 20:56 | Crear | Villager (Male) |
| 20:56 | Crear | Villager (Male) |
| 21:06 | Construir | Siege Workshop |
| 21:09 | Crear | Villager (Male) |
| 21:09 | Crear | Villager (Male) |
| 21:09 | Crear | Villager (Male) |
| 21:10 | Crear | Monk |
| 21:20 | Construir | Farm |
| 21:21 | Construir | Farm |
| 21:22 | Construir | Farm |
| 21:44 | Construir | House |
| 21:45 | Construir | House |
| 21:46 | Construir | House |
| 21:49 | Construir | Barracks |
Build order — InGodWeTrust
Primeras 150 de 330 acciones detectadas
| 0:01 | Crear | Villager (Male) |
| 0:01 | Crear | Villager (Male) |
| 0:02 | Construir | House |
| 0:04 | Construir | House |
| 0:12 | Crear | Villager (Male) |
| 0:12 | Crear | Villager (Male) |
| 1:18 | Construir | House |
| 1:31 | Crear | Villager (Male) |
| 2:17 | Crear | Villager (Male) |
| 2:37 | Crear | Villager (Male) |
| 2:37 | Crear | Villager (Male) |
| 2:38 | Crear | Villager (Male) |
| 3:06 | Crear | Villager (Male) |
| 3:24 | Construir | Palisade Wall |
| 3:28 | Crear | Villager (Male) |
| 3:29 | Crear | Villager (Male) |
| 4:00 | Crear | Villager (Male) |
| 4:11 | Construir | House |
| 4:31 | Construir | Dock |
| 4:33 | Crear | Villager (Male) |
| 4:33 | Crear | Villager (Male) |
| 4:34 | Crear | Villager (Male) |
| 5:26 | Crear | Fishing Ship |
| 5:30 | Crear | Villager (Male) |
| 5:31 | Crear | Villager (Male) |
| 5:37 | Construir | Outpost |
| 5:40 | Crear | Villager (Male) |
| 6:01 | Construir | House |
| 6:26 | Crear | Fishing Ship |
| 6:36 | Construir | House |
| 6:40 | Crear | Villager (Male) |
| 6:46 | Crear | Villager (Male) |
| 6:46 | Crear | Villager (Male) |
| 6:57 | Crear | Fishing Ship |
| 7:06 | Construir | Palisade Wall |
| 7:29 | Crear | Villager (Male) |
| 7:40 | Construir | Mill |
| 7:42 | Crear | Villager (Male) |
| 7:42 | Crear | Villager (Male) |
| 8:10 | Crear | Fishing Ship |
| 8:24 | Construir | House |
| 8:31 | Crear | Fishing Ship |
| 8:38 | Crear | Villager (Male) |
| 9:03 | Crear | Fishing Ship |
| 9:27 | Construir | Mule Cart |
| 9:29 | Crear | Fishing Ship |
| 9:45 | Crear | Villager (Male) |
| 9:48 | Crear | Fishing Ship |
| 9:52 | Crear | Villager (Male) |
| 10:07 | Construir | House |
| 10:16 | Investigar | Feudal Age |
| 10:21 | Crear | Fishing Ship |
| 10:42 | Construir | Mule Cart |
| 11:04 | Crear | Fishing Ship |
| 11:13 | Crear | Villager (Male) |
| 12:25 | Edad | Edad Feudal |
| 12:27 | Construir | Market |
| 12:32 | Construir | Blacksmith |
| 12:34 | Crear | Villager (Male) |
| 12:42 | Construir | Stone Wall |
| 12:45 | Construir | Stone Wall |
| 12:46 | Construir | Stone Wall |
| 12:47 | Construir | Stone Wall |
| 12:48 | Construir | Stone Wall |
| 12:48 | Construir | Stone Wall |
| 12:51 | Construir | Stone Wall |
| 12:52 | Construir | Stone Wall |
| 12:57 | Crear | Villager (Male) |
| 13:04 | Construir | House |
| 13:26 | Crear | Fishing Ship |
| 13:44 | Crear | Fishing Ship |
| 14:05 | Investigar | Castle Age |
| 14:34 | Construir | Fish Trap |
| 14:35 | Construir | Fish Trap |
| 14:36 | Crear | Fishing Ship |
| 14:40 | Investigar | Double-Bit Axe |
| 14:49 | Construir | Stone Wall |
| 14:54 | Construir | Stone Wall |
| 15:11 | Crear | Villager (Male) |
| 15:18 | Construir | House |
| 15:26 | Construir | Fish Trap |
| 15:36 | Investigar | Town Watch |
| 15:41 | Construir | Fish Trap |
| 15:45 | Construir | House |
| 16:27 | Construir | Fish Trap |
| 16:45 | Edad | Edad de los Castillos |
| 16:48 | Construir | Town Center |
| 16:50 | Crear | Villager (Male) |
| 16:50 | Crear | Villager (Male) |
| 17:01 | Construir | Town Center |
| 17:13 | Crear | Villager (Male) |
| 17:25 | Construir | Fish Trap |
| 17:43 | Crear | Villager (Male) |
| 17:56 | Crear | Villager (Male) |
| 17:57 | Crear | Villager (Male) |
| 18:05 | Construir | Fish Trap |
| 18:16 | Construir | Fish Trap |
| 18:29 | Investigar | Wheelbarrow |
| 18:31 | Crear | Villager (Male) |
| 18:31 | Crear | Villager (Male) |
| 18:34 | Investigar | Bow Saw |
| 18:47 | Construir | Fish Trap |
| 18:52 | Crear | Villager (Male) |
| 18:59 | Crear | Villager (Male) |
| 19:08 | Construir | Outpost |
| 19:13 | Construir | Outpost |
| 19:22 | Construir | House |
| 19:24 | Crear | Villager (Male) |
| 19:34 | Construir | Fish Trap |
| 19:41 | Construir | Dock |
| 19:48 | Construir | Dock |
| 19:49 | Crear | Villager (Male) |
| 19:53 | Construir | Fish Trap |
| 19:57 | Construir | Fish Trap |
| 20:01 | Construir | Fish Trap |
| 20:03 | Crear | Villager (Male) |
| 20:06 | Crear | Villager (Male) |
| 20:15 | Crear | Villager (Male) |
| 20:19 | Construir | House |
| 20:26 | Crear | Fishing Ship |
| 20:26 | Crear | Fishing Ship |
| 20:29 | Crear | Fishing Ship ×3 |
| 20:31 | Crear | Villager (Male) |
| 20:31 | Crear | Villager (Male) |
| 20:47 | Construir | Dock |
| 20:55 | Construir | House |
| 21:07 | Crear | Villager (Male) |
| 21:07 | Crear | Villager (Male) |
| 21:11 | Construir | Fish Trap |
| 21:18 | Construir | Fish Trap |
| 21:19 | Crear | Fishing Ship |
| 21:19 | Crear | Fishing Ship |
| 21:30 | Construir | Monastery |
| 21:40 | Construir | Dock |
| 21:41 | Crear | Villager (Male) |
| 21:41 | Crear | Villager (Male) |
| 21:43 | Crear | Villager (Male) |
| 21:49 | Construir | Fish Trap |
| 21:53 | Construir | Fish Trap |
| 21:57 | Construir | Fish Trap |
| 21:59 | Crear | Fishing Ship |
| 22:01 | Crear | Villager (Male) |
| 22:04 | Crear | Villager (Male) |
| 22:04 | Crear | Villager (Male) |
| 22:08 | Construir | Fish Trap |
| 22:11 | Construir | House |
| 22:15 | Crear | Fishing Ship ×2 |
| 22:16 | Crear | Villager (Male) |
| 22:20 | Construir | House |
| 22:26 | Construir | House |
Cronología de la partida
| 0:26 | JoHan · wall_segment Palisade Wall x1 |
| 1:02 | Davo · wall_segment Palisade Wall x10 |
| 1:08 | JoHan · wall_segment Palisade Wall x1 |
| 1:19 | Davo · wall_segment Palisade Wall x9 |
| 1:19 | JoHan · wall_segment Palisade Wall x1 |
| 1:27 | Davo · wall_segment Palisade Wall x1 |
| 1:27 | JoHan · wall_segment Palisade Wall x1 |
| 1:29 | JoHan · wall_segment Palisade Wall x1 |
| 1:31 | JoHan · wall_segment Palisade Wall x1 |
| 1:33 | JoHan · wall_segment Palisade Wall x1 |
| 1:35 | JoHan · wall_segment Palisade Wall x1 |
| 2:08 | JoHan · wall_segment Palisade Wall x1 |
| 2:09 | JoHan · wall_segment Palisade Wall x1 |
| 2:11 | JoHan · wall_segment Palisade Wall x1 |
| 3:18 | JoHan · wall_segment Palisade Wall x3 |
| 3:24 | InGodWeTrust · wall_segment Palisade Wall x9 |
| 3:55 | Rooster · wall_segment Palisade Wall x1 |
| 4:02 | Rooster · wall_segment Palisade Wall x1 |
| 4:04 | JoHan · wall_segment Palisade Wall x6 |
| 4:31 | InGodWeTrust · first_building Dock |
| 5:04 | JoHan · wall_segment Palisade Wall x11 |
| 5:06 | Rooster · first_building Dock |
| 5:12 | ghabil · wall_segment Palisade Wall x5 |
| 5:30 | sidewire · first_building Dock |
| 6:14 | Neo · wall_segment Palisade Wall x1 |
| 6:18 | ghabil · wall_segment Palisade Wall x2 |
| 6:19 | Neo · wall_segment Palisade Wall x1 |
| 6:27 | Neo · wall_segment Palisade Wall x1 |
| 6:31 | Neo · wall_segment Palisade Wall x1 |
| 6:42 | JoHan · wall_segment Palisade Wall x1 |
| 6:54 | ghabil · wall_segment Palisade Wall x4 |
| 7:06 | InGodWeTrust · wall_segment Palisade Wall x4 |
| 7:36 | JoHan · wall_segment Palisade Wall x8 |
| 7:41 | Davo · wall_segment Palisade Wall x7 |
| 8:24 | Neo · first_building Dock |
| 8:35 | Davo · wall_segment Palisade Wall x8 |
| 8:53 | Davo · wall_segment Palisade Wall x1 |
| 8:55 | Davo · wall_segment Palisade Wall x1 |
| 8:57 | Davo · wall_segment Palisade Wall x1 |
| 8:58 | Davo · wall_segment Palisade Wall x1 |
| 9:05 | ghabil · wall_segment Palisade Wall x1 |
| 9:16 | Davo · wall_segment Palisade Wall x1 |
| 9:42 | ghabil · wall_segment Palisade Wall x8 |
| 9:56 | JoHan · wall_segment Palisade Wall x10 |
| 10:13 | Rooster · wall_segment Palisade Wall x1 |
| 10:13 | JoHan · wall_segment Palisade Wall x1 |
| 10:16 | ghabil · wall_segment Palisade Wall x5 |
| 10:18 | JoHan · wall_segment Palisade Wall x1 |
| 11:04 | sidewire · age_up feudal |
| 11:22 | ghabil · wall_segment Palisade Wall x9 |
| 11:46 | MooN | Lunatico · age_up feudal |
| 11:48 | Rooster · age_up feudal |
| 12:03 | Neo · age_up feudal |
| 12:09 | JoHan · wall_segment Palisade Wall x1 |
| 12:19 | Davo · age_up feudal |
| 12:25 | InGodWeTrust · age_up feudal |
| 12:39 | Davo · wall_segment Stone Wall x5 |
| 12:42 | InGodWeTrust · wall_segment Stone Wall x4 |
| 12:45 | Davo · wall_segment Stone Wall x4 |
| 12:45 | InGodWeTrust · wall_segment Stone Wall x1 |
| 12:46 | InGodWeTrust · wall_segment Stone Wall x1 |
| 12:47 | InGodWeTrust · wall_segment Stone Wall x1 |
| 12:48 | InGodWeTrust · wall_segment Stone Wall x1 |
| 12:48 | InGodWeTrust · wall_segment Stone Wall x1 |
| 12:51 | InGodWeTrust · wall_segment Stone Wall x1 |
| 12:52 | InGodWeTrust · wall_segment Stone Wall x1 |
| 13:23 | Neo · first_market_sell 100 wood |
| 13:24 | Neo · first_market_buy 100 food |
| 13:47 | Davo · wall_segment Stone Wall x1 |
| 14:06 | ghabil · age_up feudal |
| 14:10 | JoHan · age_up feudal |
| 14:17 | JoHan · wall_segment Stone Wall x3 |
| 14:18 | JoHan · wall_segment Stone Wall x1 |
| 14:19 | JoHan · wall_segment Stone Wall x1 |
| 14:21 | JoHan · wall_segment Stone Wall x7 |
| 14:27 | JoHan · wall_segment Stone Wall x2 |
| 14:28 | JoHan · wall_segment Stone Wall x1 |
| 14:29 | JoHan · wall_segment Stone Wall x3 |
| 14:30 | JoHan · wall_segment Stone Wall x1 |
| 14:31 | ghabil · wall_segment Stone Wall x5 |
| 14:33 | JoHan · wall_segment Stone Wall x10 |
| 14:37 | ghabil · wall_segment Palisade Wall x1 |
| 14:41 | sidewire · age_up castle |
| 14:44 | sidewire · first_building Siege Workshop |
| 14:49 | InGodWeTrust · wall_segment Stone Wall x1 |
| 14:54 | InGodWeTrust · wall_segment Stone Wall x1 |
| 15:02 | MooN | Lunatico · first_market_buy 100 stone |
| 15:11 | ghabil · wall_segment Stone Wall x6 |
| 15:22 | Rooster · age_up castle |
| 15:25 | MooN | Lunatico · age_up castle |
| 15:28 | JoHan · wall_segment Stone Wall x3 |
| 15:35 | sidewire · first_building Monastery |
| 15:45 | JoHan · wall_segment Stone Wall x1 |
| 15:45 | ghabil · wall_segment Stone Wall x9 |
| 15:46 | JoHan · wall_segment Stone Wall x1 |
| 15:47 | JoHan · wall_segment Stone Wall x1 |
| 15:50 | JoHan · wall_segment Stone Wall x2 |
| 15:52 | Davo · age_up castle |
| 16:04 | JoHan · wall_segment Stone Wall x1 |
| 16:08 | ghabil · first_market_sell 100 food |
| 16:14 | JoHan · wall_segment Stone Wall x1 |
| 16:18 | JoHan · wall_segment Stone Wall x9 |
| 16:18 | Neo · age_up castle |
| 16:21 | Neo · first_building Siege Workshop |
| 16:40 | sidewire · first_building Barracks |
| 16:45 | InGodWeTrust · age_up castle |
| 17:01 | MooN | Lunatico · first_building Monastery |
| 17:10 | JoHan · wall_segment Stone Wall x6 |
| 17:12 | ghabil · wall_segment Stone Wall x1 |
| 17:12 | JoHan · wall_segment Stone Wall x7 |
| 18:04 | JoHan · wall_segment Stone Wall x1 |
| 18:12 | JoHan · wall_segment Stone Wall x6 |
| 18:29 | JoHan · wall_segment Stone Wall x1 |
| 18:32 | JoHan · wall_segment Stone Wall x1 |
| 18:35 | JoHan · wall_segment Stone Wall x1 |
| 18:48 | ghabil · age_up castle |
| 18:58 | JoHan · wall_segment Stone Wall x8 |
| 19:26 | Rooster · first_building Monastery |
| 19:38 | JoHan · wall_segment Stone Wall x1 |
| 19:40 | Davo · first_building Monastery |
| 20:02 | JoHan · wall_segment Stone Wall x1 |
| 20:24 | JoHan · age_up castle |
| 20:29 | JoHan · wall_segment Stone Wall x3 |
| 20:31 | JoHan · wall_segment Stone Wall x4 |
| 20:32 | JoHan · wall_segment Stone Wall x1 |
| 20:52 | JoHan · first_market_buy 100 food |
| 21:06 | Davo · first_building Siege Workshop |
| 21:20 | JoHan · wall_segment Stone Wall x1 |
| 21:25 | JoHan · wall_segment Stone Wall x3 |
| 21:30 | InGodWeTrust · first_building Monastery |
| 21:34 | JoHan · wall_segment Stone Wall x1 |
| 21:36 | JoHan · wall_segment Stone Wall x1 |
| 21:44 | sidewire · first_market_buy 100 stone |
| 21:46 | JoHan · first_market_sell 100 stone |
| 21:49 | Davo · first_building Barracks |
| 22:18 | JoHan · wall_segment Stone Wall x1 |
| 22:19 | JoHan · wall_segment Stone Wall x1 |
| 22:35 | Neo · first_building Castle |
| 23:01 | sidewire · wall_segment Stone Wall x7 |
| 23:10 | Davo · first_building Castle |
| 23:15 | sidewire · wall_segment Stone Wall x1 |
| 23:15 | sidewire · wall_segment Stone Wall x1 |
| 23:16 | sidewire · wall_segment Stone Wall x1 |
| 23:16 | sidewire · wall_segment Stone Wall x1 |
| 23:17 | sidewire · wall_segment Stone Wall x1 |
| 23:18 | sidewire · wall_segment Stone Wall x1 |
| 23:18 | sidewire · wall_segment Stone Wall x1 |
| 23:28 | Rooster · first_market_sell 100 food |
| 23:33 | sidewire · wall_segment Stone Wall x1 |
| 23:54 | MooN | Lunatico · first_building Siege Workshop |
| 24:04 | ghabil · first_building Monastery |
| 24:28 | Davo · first_building Stable |
| 24:39 | InGodWeTrust · first_building Siege Workshop |
| 25:00 | MooN | Lunatico · first_building Barracks |
| 25:04 | InGodWeTrust · wall_segment Stone Wall x2 |
| 25:07 | Davo · first_market_sell 100 wood |
| 25:28 | sidewire · wall_segment Stone Wall x5 |
| 25:46 | Rooster · first_market_buy 100 stone |
| 25:48 | MooN | Lunatico · first_market_sell 100 food |
| 25:50 | InGodWeTrust · wall_segment Stone Wall x4 |
| 26:03 | sidewire · wall_segment Stone Wall x1 |
| 26:03 | MooN | Lunatico · first_building Archery Range |
| 26:03 | Rooster · first_building Castle |
| 26:04 | sidewire · wall_segment Stone Wall x1 |
| 26:05 | sidewire · wall_segment Stone Wall x1 |
| 26:07 | sidewire · wall_segment Stone Wall x1 |
| 26:07 | sidewire · wall_segment Stone Wall x1 |
| 26:11 | sidewire · wall_segment Stone Wall x3 |
| 26:41 | Rooster · first_building Siege Workshop |
| 26:43 | Rooster · age_up imperial |
| 26:48 | InGodWeTrust · wall_segment Stone Wall x1 |
| 27:07 | JoHan · wall_segment Stone Wall x2 |
| 27:08 | JoHan · wall_segment Stone Wall x1 |
| 27:30 | InGodWeTrust · wall_segment Stone Wall x4 |
| 27:35 | InGodWeTrust · wall_segment Stone Wall x6 |
| 27:36 | InGodWeTrust · wall_segment Stone Wall x5 |
| 27:44 | Davo · first_building Archery Range |
| 27:46 | ghabil · first_building Siege Workshop |
| 28:00 | InGodWeTrust · first_building Castle |
| 28:02 | MooN | Lunatico · first_building Castle |
| 28:11 | InGodWeTrust · first_market_sell 100 food |
| 28:33 | InGodWeTrust · wall_segment Stone Wall x1 |
| 28:36 | ghabil · first_building Barracks |
| 28:38 | Davo · age_up imperial |
| 28:45 | MooN | Lunatico · first_building Stable |
| 28:48 | sidewire · first_market_sell 100 food |
| 28:51 | InGodWeTrust · first_building Barracks |
| 29:00 | MooN | Lunatico · age_up imperial |
| 29:01 | sidewire · first_building Stable |
| 29:03 | JoHan · first_building Monastery |
| 29:43 | ghabil · first_building Stable |
| 29:45 | InGodWeTrust · wall_segment Stone Wall x2 |
| 29:50 | ghabil · first_building Castle |
| 29:56 | Neo · first_building Barracks |
| 30:02 | InGodWeTrust · wall_segment Stone Wall x9 |
| 30:11 | InGodWeTrust · wall_segment Stone Wall x5 |
| 30:14 | InGodWeTrust · wall_segment Stone Wall x3 |
| 30:17 | InGodWeTrust · wall_segment Stone Wall x8 |
| 30:18 | JoHan · first_building Barracks |
| 30:22 | JoHan · first_building Siege Workshop |
| 30:31 | InGodWeTrust · wall_segment Stone Wall x1 |
| 30:37 | Rooster · first_building Donjon |
| 31:10 | JoHan · first_building Archery Range |
| 31:11 | InGodWeTrust · wall_segment Stone Wall x1 |
| 31:16 | InGodWeTrust · wall_segment Stone Wall x1 |
| 31:27 | InGodWeTrust · age_up imperial |
| 31:41 | JoHan · first_building Castle |
| 31:42 | sidewire · first_building Castle |
| 31:53 | InGodWeTrust · wall_segment Stone Wall x6 |
| 32:07 | sidewire · age_up imperial |
| 32:11 | InGodWeTrust · wall_segment Stone Wall x9 |
| 32:12 | Neo · age_up imperial |
| 32:53 | ghabil · age_up imperial |
| 33:19 | JoHan · age_up imperial |
| 33:33 | InGodWeTrust · wall_segment Stone Wall x11 |
| 34:14 | Rooster · tribute_sent a jugador 1 |
| 34:14 | Rooster · tribute_sent a jugador 2 |
| 34:14 | Rooster · tribute_sent a jugador 3 |
| 34:14 | Rooster · tribute_sent a jugador 5 |
| 34:14 | Rooster · tribute_sent a jugador 6 |
| 34:14 | Rooster · tribute_sent a jugador 7 |
| 34:14 | Rooster · tribute_sent a jugador 8 |
| 35:18 | JoHan · wall_segment Stone Wall x1 |
| 35:19 | JoHan · wall_segment Stone Wall x1 |
| 35:19 | JoHan · wall_segment Stone Wall x1 |
| 35:20 | JoHan · wall_segment Stone Wall x1 |
| 36:06 | ghabil · first_market_buy 100 wood |
| 36:10 | Rooster · first_building Barracks |
| 36:45 | Neo · wall_segment Stone Wall x7 |
| 38:25 | Rooster · tribute_sent a jugador 1 |
| 38:25 | Rooster · tribute_sent a jugador 2 |
| 38:25 | Rooster · tribute_sent a jugador 3 |
| 38:25 | Rooster · tribute_sent a jugador 5 |
| 38:25 | Rooster · tribute_sent a jugador 6 |
| 38:25 | Rooster · tribute_sent a jugador 7 |
| 38:25 | Rooster · tribute_sent a jugador 8 |
| 38:41 | InGodWeTrust · resign |
[ ANÁLISIS IA · 1 CRÉDITO ]
¿Qué pasó realmente en esta partida?
Wolo.gg analiza cada decisión: build order, eco, micro, errores típicos por bracket. Análisis personalizado por WhatsApp o Discord en 30 segundos.
Guía civ
Sarracenos
Perfil
Jugador #300598